AoeStats
← 2 ^2[TxR] ^5 B3AR

Lombardia

507125986Analyzed
2v2 RM · 16d ago on Sep 16, 2026· 60m 32s· 4 players
Game mode
Random Map
Map size
Medium (4 player)
Population
200
Speed
Normal
Resources
Standard
Victory
Conquest
Starting age
Dark Age
Ending age
Imperial Age
RankedLock teamsTeams togetherTeam positionsShared explorationLock speedFull tech treeHidden civsTurbo modeCheats
Victory
Defeat
🇩🇪 Magyars · Germany
878
+17
867
+18
🇬🇧 Bohemians · United Kingdom
1000
-69
🇬🇧 Mongols · United Kingdom
812
-14
Joachim von Ribbentropp
4:16 Loom
9:53 Feudal Age
11:45 Double-Bit Axe
14:09 Fletching
15:29 Horse Collar
16:12 Padded Archer Armor
22:59 Castle Age
21:00 Gold Mining
21:32 Arson
24:05 Thumb Ring
23:21 Crossbowman
23:29 Crossbowman
25:04 Squires
25:10 Town Watch
25:40 Forging
30:32 Scale Mail Armor
31:16 Gold Shaft Mining
30:36 Stone Mining
33:14 Ballistics
33:05 Fortified Wall
32:35 Elite Skirmisher
40:30 Imperial Age
39:20 Wheelbarrow
39:28 Leather Archer Armor
41:47 Conscription
42:58 Bodkin Arrow
42:30 Arbalester
45:03 Chemistry
46:09 Chain Mail Armor
46:33 Iron Casting
46:32 Hand Cart
49:03 Halberdier
54:32 Town Patrol
57:12 Blast Furnace
56:28 Chain Mail Armor
57:40 Elite Shotel Warrior
61:20 Plate Mail Armor
60:50 Bracer
61:25 Ring Archer Armor
2 ^2[TxR] ^5 B3AR
11:45 Feudal Age
15:39 Bloodlines
20:00 Castle Age
17:57 Double-Bit Axe
20:01 Light Cavalry
21:04 Scale Barding Armor
20:58 Horse Collar
28:22 Stone Mining
29:54 Bow Saw
29:44 Gold Mining
30:25 Fletching
31:09 Bodkin Arrow
33:27 Thumb Ring
36:58 Imperial Age
34:17 Loom
36:26 Ballistics
36:13 Padded Archer Armor
36:50 Heavy Plow
37:29 Gold Shaft Mining
37:23 Chain Barding Armor
39:37 Two-Man Saw
38:14 Hussar
40:15 Crop Rotation
40:24 Wheelbarrow
39:39 Town Watch
40:34 Conscription
42:23 Plate Barding Armor
42:02 Husbandry
43:01 Bracer
43:17 Leather Archer Armor
44:15 Parthian Tactics
45:00 Chemistry
44:32 Hand Cart
46:52 Ring Archer Armor
46:14 Heavy Cavalry Archer
47:02 Recurve Bow
edkershaw91
8:44 Loom
11:56 Feudal Age
13:44 Double-Bit Axe
19:58 Castle Age
23:45 Horse Collar
25:08 Fletching
34:32 Imperial Age
33:02 Bow Saw
33:35 Fervor
35:27 Wheelbarrow
38:58 Chemistry
41:34 Heavy Plow
42:46 Conscription
43:21 Sanctity
42:56 Houfnice
44:36 Wagenburg Tactics
47:04 Hand Cart
47:56 Two-Man Saw
47:15 Hand Cart
46:46 Town Watch
47:23 Siege Engineers
50:19 Masonry
50:18 Bodkin Arrow
52:41 Elite Hussite Wagon
Mixxx93
11:31 Feudal Age
11:37 Loom
12:51 Double-Bit Axe
17:05 Castle Age
19:46 Scale Barding Armor
20:47 Bloodlines
23:03 Bow Saw
25:33 Husbandry
26:56 Fletching
36:51 Light Cavalry
38:37 Horse Collar
39:54 Bodkin Arrow
40:01 Padded Archer Armor
41:26 Wheelbarrow
44:12 Imperial Age
42:58 Ballistics
44:47 Hand Cart
45:05 Thumb Ring
45:27 Parthian Tactics
45:51 Conscription
46:07 Drill
47:26 Chemistry
48:41 Elite Mangudai
52:47 Padded Archer Armor
56:36 Elite Skirmisher
Connection lost

Rejoining the realm…

Still unreachable

The connection could not be restored.

Session expired

The server has moved on; the page needs a fresh start.